 Dungeon Crawl Stone Soup version 0.30-a0-21-g5d08c37080 (webtiles) character file.

Game seed: 6298554978703519875

54 Plasmagod the Chopper (level 3, 0/31 HPs)
             Began as a Hill Orc Monk on Aug 24, 2022.
             Killed from afar by an orc wizard (6 damage)
             ... with a magic dart
             ... on level 3 of the Dungeon.
             The game lasted 00:02:46 (2277 turns).

Plasmagod the Chopper (Hill Orc Monk)               Turns: 2277, Time: 00:02:47

Health: 0/31       AC:  9    Str: 21    XL:     3   Next: 91%
Magic:  3/3        EV:  8    Int: 10    God:
Gold:   176        SH:  0    Dex: 13    Spells: 2/2 levels left

rFire   . . .      SeeInvis .    a - +0 hand axe
rCold   . . .      Faith    .    (no shield)
rNeg    . . .      Spirit   .    p - +0 chain mail
rPois   .          Reflect  .    i - +0 helmet
rElec   .          Harm     .    d - scarf {repulsion}
rCorr   .          Rampage  .    (no gloves)
Will    .....                    (no boots)
Stlth   ..........               (no amulet)
HPRegen 0.10/turn                b - +6 ring of strength
MPRegen 0.08/turn                (no ring)

@: repel missiles
A: no striking features
a: no special abilities


You were on level 3 of the Dungeon.
You visited 1 branch of the dungeon, and saw 3 of its levels.

You collected 176 gold pieces.

Inventory:

Hand Weapons
 a - a +0 hand axe (weapon)
Missiles
 l - 3 atropa-tipped darts (quivered)
Armour
 d - a scarf of repulsion (worn)
 i - a +0 helmet (worn)
 p - a +0 chain mail (worn)
 r - a +2 cloak
Jewellery
 b - a +6 ring of strength (left hand)
Scrolls
 e - 3 scrolls of identify {unknown}
 f - 2 scrolls of vulnerability {unknown}
 h - 2 scrolls of fear {unknown}
 j - a scroll of brand weapon {unknown}
 k - a scroll of amnesia {unknown}
 o - a scroll of acquirement {unknown}
Potions
 c - a potion of ambrosia
 g - 2 potions of degeneration {unknown}
 m - 2 potions of curing {unknown}
 n - a potion of haste {unknown}
 q - a potion of flight {unknown}
 s - a potion of invisibility {unknown}


   Skills:
 - Level 3.6 Fighting
 + Level 6.2 Axes
 - Level 2.4 Dodging
 - Level 1.5 Stealth


You had 2 spell levels left.
You didn't know any spells.
Your spell library contained the following spells:

 Spells                   Type           Power      Damage    Failure   Level
 Sandblast                Erth           0%         2d4       99%         1
 Passwall                 Tmut/Erth      0%         N/A       100%        2
 Inner Flame              Hex/Fire       0%         N/A       100%        3
 Stone Arrow              Conj/Erth      0%         3d7       100%        3
 Cause Fear               Hex            0%         N/A       100%        4
 Discord                  Hex            0%         N/A       100%        8


Dungeon Overview and Level Annotations

Branches:
Dungeon (3/15)

Altars:

Shops:
D:2 (

Annotations:
D:3 1 runed translucent door, Ijyb; Plasmagod's ghost, amateur GrFi


Message History

The orc hits you with a +0 club.
Ijyb zaps a wand.
Your mind is blasted!
Something hits you but does no damage.
You hit Ijyb but do no damage. You hit the orc. You miss something.
The orc barely misses you. Ijyb hits you but does no damage.
You hit Ijyb but do no damage. You hit the orc.
You kill the orc!
You barely miss something. Something hits you.
Ijyb hits you with a +0 vampiric dagger.
You hit Ijyb.
Ijyb is moderately wounded.
You barely miss the orc. You barely miss something.
Something hits you but does no damage. The orc hits you but does no damage.
Ijyb hits you with a +0 vampiric dagger.
You hit Ijyb.
Ijyb is heavily wounded.
You hit the orc. You barely miss something. Something hits you.
The orc barely misses you. Ijyb hits you but does no damage.
You hit Ijyb.
Ijyb is heavily wounded.
You closely miss the orc. You barely miss something.
Something hits you but does no damage. The orc hits you but does no damage.
Ijyb hits you with a +0 vampiric dagger.
* * * LOW HITPOINT WARNING * * *
You hit Ijyb.
Ijyb is severely wounded.
You barely miss the orc. You closely miss something. Something hits you.
* * * LOW HITPOINT WARNING * * *
The orc hits you with a +0 mace.
* * * LOW HITPOINT WARNING * * *
Ijyb screams, "Get away!"
Ijyb barely misses you.
You hit Ijyb but do no damage.
Ijyb is severely wounded.
You hit the orc.
You kill the orc!
You miss something.
You hear some strange, mumbled words.
A magic dart appears from out of thin air!
The magic dart hits you.
You die...

. # #. ## + #.# #..
# ..## ####..# .
...#....... .
.......... .
#......... .
#g)....... #
#.@{...... ### #
#?........ ..
#.#......... # #.
#.#.........
...#..#........
#............#.
#.#.$....###.#
##########...###..#
.#
.#...........###..#
#


You could see Ijyb.

Vanquished Creatures
  2 dart slugs (D:1)
  4 orcs (D:3)
  7 endoplasms
  3 giant cockroaches (D:1)
  3 goblins
  3 hobgoblins
  3 jackals (D:1)
  2 quokkas
  2 ball pythons (D:1)
  6 bats
  3 frilled lizards
  2 kobolds
  3 rats
43 creatures vanquished.

Notes
Turn   | Place    | Note
-------+----------+-------------------------------------------
     0 | D:1      | Plasmagod the Hill Orc Monk began the quest for the Orb.
     0 | D:1      | Reached XP level 1. HP: 19/19 MP: 1/1
   447 | D:1      | Reached XP level 2. HP: 23/26 MP: 2/2
   677 | D:1      | Reached skill level 5 in Axes
   971 | D:1      | Reached XP level 3. HP: 26/31 MP: 3/3
  1474 | D:2      | Found Olagh's Weapon Emporium.
  1593 | D:2      | Found a faded altar of an unknown god.
  2063 | D:3      | Noticed Plasmagod's ghost (amateur GrFi)
  2066 | D:3      | Found a runed translucent door.
  2077 | D:3      | Reached skill level 6 in Axes
  2264 | D:3      | Noticed Ijyb
  2277 | D:3      | Killed from afar by an orc wizard

Illustrated notes

Levels and vault maps discovered:
D:1:      dpeg_arrival_arbitrary_c, layout_loops_corners,
          chequers_serial_rivers_marsh
D:2:      layout_rooms, hellmonk_ecumenical_altar_pennies_from_heaven,
          serial_shops, nicolae_shop_statue_plus
D:3:      layout_rooms, hellmonk_ghost_happy_afterlife, hex_medium,
          minmay_misc_feat_five, nicolae_titane, uniq_ijyb

Skill      XL: |  1  2  3 |
---------------+----------+-----
Axes           | 5 6 |  6.2
Fighting       | |  3.6
Dodging        | |  2.4
Stealth        | |  1.5

Action                   || total
-------------------------++-------
Melee: Hand axe          ||   151
 Stab: Sleeping          ||     7
Armor: Robe              ||    19
       Chain mail        ||    25
Dodge: Dodged            ||    74

Table legend: (Time is in decaauts)
 A = Elapsed time spent in this place.
 B = Non-inter-level travel time spent in this place.
 C = Inter-level travel time spent in this place.
 D = Time resting spent in this place.
 E = Time spent auto-exploring this place.
 F = Levels seen in this place.
 G = Mean time per level.
                   A        B        C        D        E       F      G
               +--------+--------+--------+--------+--------+-----+--------+
         Total |   2286 |   2185 |    101 |      0 |   1812 |   3 |  762.0 |
       Dungeon |   2286 |   2185 |    101 |      0 |   1812 |   3 |  762.0 |
               +--------+--------+--------+--------+--------+-----+--------+

Top non-repeatable levels by time:
     D:1: 1465 daAuts
     D:2: 580 daAuts
     D:3: 240 daAuts
